 Dungeon Crawl Stone Soup version 0.23.0 (webtiles) character file.

Game seed: 16532505575487889288

126 DrEnzyme the Cudgeler (level 5, -1/32 HPs)
             Began as a Gargoyle Gladiator on Feb 16, 2019.
             Killed from afar by Natasha (6 damage)
             ... with a magic dart
             ... on level 2 of the Dungeon.
             The game lasted 00:05:26 (1684 turns).

DrEnzyme the Cudgeler (Gargoyle Gladiator)          Turns: 1684, Time: 00:05:27

Health: -1/32      AC:  9    Str: 19    XL:     5   Next: 10%
Magic:  5/5        EV: 12    Int: 13    God:
Gold:   96         SH:  0    Dex: 11    Spells: 4/4 levels left

rFire    . . .     SeeInvis .   a - +0 flail
rCold    . . .     Gourm    .   (no shield)
rNeg     + . .     Faith    .   b - +0 leather armour
rPois    ∞         Spirit   .   c - +0 helmet
rElec    +         Reflect  .   (no cloak)
rCorr    .         Harm     .   j - +0 pair of gloves
MR       .....                  (no boots)
Stlth    +.........             (no amulet)
HPRegen  0.10/turn              (no ring)
MPRegen  0.09/turn              (no ring)

@: brilliant, slowed, very slow
A: negative energy resistance 1, electricity resistance, unbreathing,
petrification resistance, rot immunity, AC +4
a: no special abilities


You were on level 2 of the Dungeon.
You were not hungry.

You visited 1 branch of the dungeon, and saw 2 of its levels.

You collected 96 gold pieces.

Inventory:

Hand Weapons
 a - a +0 flail (weapon)
Missiles
 d - 3 throwing nets (quivered)
Armour
 b - a +0 leather armour (worn)
 c - a +0 helmet (worn)
 e - a +0 plate armour
 j - a +0 pair of gloves (worn)
Wands
 g - a wand of flame (4)
Scrolls
 i - a scroll of identify
Potions
 h - a potion of ambrosia {unknown}
 m - a potion of brilliance
Comestibles
 f - 3 rations
 l - a chunk of flesh


   Skills:
 + Level 2.8 Fighting
 + Level 4.3 Maces & Flails
 + Level 1.8 Throwing
 + Level 0.8 Armour
 + Level 3.3 Dodging


You had 4 spell levels left.
You didn't know any spells.
Your spell library was empty.

Dungeon Overview and Level Annotations

Branches:
Dungeon (2/15)

Altars:
Nemelex Xobeh

Annotations:
D:1 exclusion: downstairs
D:2 Natasha, Sigmund, Terence


Innate Abilities, Weirdness & Mutations

You are resistant to torment.
Your stone body is resilient. (AC +4)
You are immune to poison.
You resist negative energy. (rN+)
You are resistant to electric shocks. (rElec)
You can survive without breathing.
You are immune to petrification.
You are immune to rotting.


Message History

Natasha barely misses you.
It was a potion of curing.
You feel better. Natasha claws you but does no damage.
Evoke which item? (* to show all) (? for menu, Esc to quit)
Aiming: Throw Flame
Press: ? - help, Shift-Dir - straight line, f/p - Natasha
Aim: Natasha (heavily wounded)
The puff of flame hits Natasha!
Natasha is almost dead.
Natasha claws you.
* * * LOW HITPOINT WARNING * * *
Natasha closely misses you.
Evoke which item? (* to show all) (? for menu, Esc to quit)
Aiming: Throw Flame
Press: ? - help, Shift-Dir - straight line, f/p - Natasha
Aim: Natasha (almost dead)
The puff of flame misses Natasha.
Natasha casts a spell at you. The magic dart hits you.
You die...

#...( ..#
#.### #..
#.# #.# #
#.h #.# #.#
# #..####.#
#.###
###.... ...
#)... #
.....( #.#
##### ..
#...# #.# #.
#...###@#
#..#...(gh.#
#......#####
#.###..#
#.###..#
##.....(##
#......(.#
#.####.#.# #
#g#.# #####


You could see Natasha and a goblin.

Vanquished Creatures
  Jessica (D:2)
  Natasha (D:2)
  An adder (D:2)
  An ooze (D:1)
  A worm (D:2)
  4 dart slugs
  4 leopard geckos
  4 giant cockroaches
  6 goblins
  3 hobgoblins
  3 jackals (D:1)
  8 kobolds
  A quokka (D:2)
  A ball python (D:2)
  4 bats
  4 rats
47 creatures vanquished.

Notes
Turn   | Place    | Note
-------+----------+-------------------------------------------
     0 | D:1      | DrEnzyme the Gargoyle Gladiator began the quest for the
                  | Orb.
     0 | D:1      | Reached XP level 1. HP: 12/12 MP: 1/1
    78 | D:1      | Reached XP level 2. HP: 17/17 MP: 2/2
   283 | D:1      | Reached XP level 3. HP: 18/22 MP: 3/3
   372 | D:1      | Found a sparkling altar of Nemelex Xobeh.
   763 | D:2      | Noticed Jessica
   775 | D:2      | Killed Jessica
   775 | D:2      | Reached XP level 4. HP: 18/27 MP: 4/4
  1090 | D:2      | Noticed Natasha
  1095 | D:2      | Killed Natasha
  1095 | D:2      | Reached skill level 4 in Maces & Flails
  1185 | D:2      | Noticed Terence
  1485 | D:2      | Reached XP level 5. HP: 31/31 MP: 5/5
  1505 | D:2      | Noticed Sigmund
  1662 | D:2      | Noticed Natasha
  1684 | D:2      | Killed from afar by Natasha

Skill      XL: |  1  2  3  4 |
---------------+-------------+-----
Dodging        | 3 |  3.3
Maces & Flails | 4 |  4.3
Fighting       | |  2.8
Throwing       | |  1.8
Armour         | |  0.8

Action                   |  1- 3 |  4- 6 || total
-------------------------+-------+-------++-------
Melee: Flail             |    94 |    82 ||   176
Evoke: Wand              |       |     8 ||     8
  Use: Potion            |     1 |     2 ||     3
       Scroll            |     1 |       ||     1
  Eat: Chunk             |       |     3 ||     3
Armor: Leather armour    |    40 |    42 ||    82
Dodge: Dodged            |    70 |    82 ||   152
